AoeStats
← O grande

Arabia

510156486Analyzed
1v1 RM · 1d ago on Sep 29, 2026· 49m 25s· 2 players
Game mode
Random Map
Map size
Tiny (2 player)
Population
200
Speed
Normal
Resources
Standard
Victory
Conquest
Starting age
Dark Age
Ending age
Imperial Age
RankedLock teamsTeams togetherTeam positionsShared explorationLock speedFull tech treeHidden civsTurbo modeCheats
Victory
Defeat
🇧🇷 Franks · Brazil
2100
+16
🇮🇹 Bohemians · Italy
2108
-16
O grande
7:55 Loom
9:44 Feudal Age
10:13 Man-at-Arms
10:39 Double-Bit Axe
16:40 Fletching
20:26 Castle Age
18:52 Gold Mining
20:13 Scale Barding Armor
21:02 Bodkin Arrow
20:28 Crossbowman
30:27 Bow Saw
32:24 Stone Mining
33:16 Chain Barding Armor
38:24 Imperial Age
37:21 Gold Shaft Mining
39:56 Plate Barding Armor
39:32 Forging
40:32 Husbandry
40:05 Cavalier
43:28 Iron Casting
44:54 Chemistry
45:40 Conscription
46:30 Light Cavalry
49:06 Padded Archer Armor
OS+ | 青田龙
11:46 Feudal Age
11:43 Loom
12:50 Double-Bit Axe
13:38 Horse Collar
14:25 Fletching
17:40 Padded Archer Armor
22:06 Castle Age
23:01 Wheelbarrow
22:45 Bodkin Arrow
22:12 Crossbowman
23:10 Bow Saw
29:09 Fervor
33:18 Town Watch
34:33 Hand Cart
38:45 Imperial Age
40:07 Pikeman
40:47 Squires
42:04 Two-Man Saw
41:26 Halberdier
43:22 Scale Mail Armor
44:02 Conscription
44:34 Chain Mail Armor
44:31 Forging
48:30 Plate Mail Armor
47:31 Elite Skirmisher
48:18 Arbalester
49:01 Bracer
49:38 Leather Archer Armor
Connection lost

Rejoining the realm…

Still unreachable

The connection could not be restored.

Session expired

The server has moved on; the page needs a fresh start.